 Dungeon Crawl Stone Soup version 0.29-a0-369-gd956c00756 (webtiles) character file.

Game seed: 17665662148324650646

1412 frimble the Cutter (level 8, -1/67 HPs)
             Began as a Gnoll Cinder Acolyte on May 2, 2022.
             Was an Initiate of Cheibriados.
             Slain by a bullfrog (4 damage)
             ... on level 7 of the Dungeon.
             The game lasted 00:07:00 (4438 turns).

frimble the Cutter (Gnoll Cinder Acolyte)           Turns: 4438, Time: 00:07:02

Health: -1/67      AC:  2    Str: 15    XL:     8   Next: 70%
Magic:  14/14      EV: 12    Int: 14    God:    Cheibriados [......]
Gold:   179        SH:  0    Dex: 11    Spells: 11/16 levels left

rFire   . . .      SeeInvis .   m - +2 war axe (drain)
rCold   + . .      Faith    .   (no shield)
rNeg    . . .      Spirit   .   b - +0 robe
rPois   .          Reflect  .   (no helmet)
rElec   .          Harm     .   (no cloak)
rCorr   .          Rampage  .   (no gloves)
Will    .....                   (no boots)
Stlth   ++........              i - amulet of regeneration
HPRegen 1.01/turn               g - ring of protection from cold
MPRegen 0.14/turn               (no ring)

@: mighty, slowed, fire susceptible, very slow
A: fangs 1, strong nose, distributed training
a: Renounce Religion


You were on level 7 of the Dungeon.
You worshipped Cheibriados.
Cheibriados was noncommittal.
You visited 2 branches of the dungeon, and saw 6 of its levels.

You collected 179 gold pieces.

Inventory:

Hand Weapons
 a - a -1 short sword of flaming
 m - a +2 war axe of draining (weapon)
Missiles
 k - 9 curare-tipped darts (quivered)
Armour
 b - a +0 robe (worn)
 c - a +3 scale mail
Jewellery
 g - a ring of protection from cold (left hand)
 i - an amulet of regeneration (around neck)
Wands
 l - a wand of iceblast (9)
Scrolls
 n - 2 scrolls of fog
 o - a scroll of blinking {unknown}
 r - a scroll of identify
Potions
 d - 2 potions of haste
 e - a potion of mutation
 f - 2 potions of attraction
 h - a potion of might
 j - 2 potions of curing
 p - a potion of resistance {unknown}
 q - 2 potions of flight {unknown}


   Skills:
 + Level 7.5 Fighting
 + Level 7.5 Short Blades
 + Level 3.5 Long Blades
 + Level 3.5 Axes
 + Level 3.5 Maces & Flails
 + Level 3.5 Polearms
 + Level 3.5 Staves
 + Level 3.5 Slings
 + Level 3.5 Bows
 + Level 3.5 Crossbows
 + Level 3.5 Throwing
 + Level 3.5 Armour
 + Level 3.5 Dodging
 + Level 3.5 Stealth
 + Level 3.5 Shields
 + Level 3.5 Unarmed Combat
 + Level 4.5 Spellcasting
 + Level 2.9 Conjurations
 + Level 2.9 Hexes
 + Level 2.9 Summonings
 + Level 2.9 Necromancy
 + Level 2.9 Translocations
 + Level 2.9 Transmutations
 + Level 6.2 Fire Magic
 + Level 2.9 Ice Magic
 + Level 2.9 Air Magic
 + Level 2.9 Earth Magic
 + Level 2.9 Poison Magic
 + Level 3.9 Invocations
 + Level 3.5 Evocations


You had 11 spell levels left.
You knew the following spells:

 Your Spells              Type           Power      Damage    Failure   Level
a - Scorch                Fire           40%        2d7       2%          2
b - Ignite Poison         Fire/Tmut/Pois 14%        N/A       11%         3

Your spell library contained the following spells:

 Spells                   Type           Power      Damage    Failure   Level
 Pain                     Necr           44%        1d6       5%          1
 Slow                     Hex            44%        N/A       5%          1
 Confusing Touch          Hex            11%        N/A       17%         3
 Mephitic Cloud           Conj/Pois/Air  11%        N/A       17%         3
 Vampiric Draining        Necr           11%        2d6       17%         3
 Agony                    Necr           11%        N/A       83%         5
 Excruciating Wounds      Necr           5%         N/A       83%         5
 Freezing Cloud           Conj/Ice/Air   5%         6-21      83%         5


Dungeon Overview and Level Annotations

Branches:
Dungeon (4/15)             Temple (1/1) D:4

Altars:
Ashenzari
Cheibriados
Elyvilon
Gozag
Hepliaklqana
Kikubaaqudgha
Okawaru
Qazlal
Ru
Sif Muna
Uskayaw
Vehumet
Wu Jian
Xom
Yredelemnul
Zin

Shops:
D:4 =


Innate Abilities, Weirdness & Mutations

You have very sharp teeth.
Your uncanny sense of smell can sniff out nearby items.
Your experience applies equally to all skills.


Message History

No target in view!
No target in view!
No target in view!
No target in view!
No target in view!
No target in view!
Ignis wails with rage, and rains down burning fury!
The divine experience drains your vigour!
You feel yourself slow down. 3 fire elementals come into view.
Okay, then.
A bullfrog comes into view.
Your -1 short sword of flaming stops flaming.
You sense an unholy aura.
m - a +2 war axe of draining (weapon)
You feel very mighty all of a sudden.
The bullfrog gives a loud, deep croak!
The fire elemental closely misses you.
You closely miss the fire elemental. x2; The fire elemental misses you.
The fire elemental barely misses you. The fire elemental hits you.
The fire elemental burns you! The fire elemental hits you.
The fire elemental burns you! The fire elemental misses you.
You slash the fire elemental!
The fire elemental is moderately damaged.
You closely miss the bullfrog. You closely miss the fire elemental.
The bullfrog closely misses you. The fire elemental hits you.
The fire elemental burns you! The fire elemental hits you.
The fire elemental burns you! The bullfrog hits you.
* * * LOW HITPOINT WARNING * * *
The fire elemental barely misses you. x2; The bullfrog hits you!
* * * LOW HITPOINT WARNING * * *
The fire elemental hits you. The fire elemental burns you!
* * * LOW HITPOINT WARNING * * *
The fire elemental closely misses you.
You slash the fire elemental!
You bite the fire elemental, but do no damage.
The fire elemental is heavily damaged.
You closely miss the fire elemental. You barely miss the bullfrog.
The bullfrog hits you.
You die...

#.#####.### #..
#.#...#.# #..
#.#.#.#(# ...
#.#.#.#.# # ..
#†#.#.#.#
##.##.####.#.#.#.#
........##)#.#.#.#
.......F...)...#.#
##.#@####...#.#
#EE......#.#
#E.#.#..##.#
#..#.......#
#..#.##.#.##
..........#
.####.##.#.# ..
... .#.# #. ... #


You could see 3 fire elementals and a bullfrog.

Vanquished Creatures
  A cyclops (D:7)
  Prince Ribbit (D:7)
  A water moccasin (D:4)
  An orc warrior (D:3)
  A black bear (D:7)
  An ice beast (D:4)
  A phantom (D:7)
  2 wights (D:7)
  2 orc priests
  Jessica (D:2)
  Terence (D:3)
  2 orc wizards
  3 adders
  A white imp (D:7)
  A worm (D:3)
  4 dart slugs
  11 orcs
  5 ball pythons
  7 bats
  8 endoplasms
  5 giant cockroaches
  12 goblins
  5 hobgoblins
  7 quokkas
  4 frilled lizards
  7 kobolds
  5 rats
100 creatures vanquished.

Vanquished Creatures (others)
  2 fungi (D:7)
  2 plants (D:2)
4 creatures vanquished.

Grand Total: 104 creatures vanquished

Notes
Turn   | Place    | Note
-------+----------+-------------------------------------------
     0 | D:1      | frimble the Gnoll Cinder Acolyte began the quest for the
                  | Orb.
     0 | D:1      | Reached XP level 1. HP: 23/23 MP: 4/4
   140 | D:1      | Reached XP level 2. HP: 24/29 MP: 5/5
   143 | D:1      | Learned a level 2 spell: Scorch
   688 | D:1      | Reached XP level 3. HP: 35/35 MP: 7/7
  1265 | D:2      | Reached skill level 1 in Invocations
  1309 | D:2      | Found a faded altar of an unknown god.
  1313 | D:2      | Noticed Jessica
  1340 | D:2      | Reached skill level 1 in Long Blades
  1340 | D:2      | Reached skill level 1 in Axes
  1340 | D:2      | Reached skill level 1 in Maces & Flails
  1340 | D:2      | Reached skill level 1 in Polearms
  1340 | D:2      | Reached skill level 1 in Staves
  1340 | D:2      | Reached skill level 1 in Slings
  1340 | D:2      | Reached skill level 1 in Bows
  1340 | D:2      | Reached skill level 1 in Crossbows
  1340 | D:2      | Reached skill level 1 in Throwing
  1340 | D:2      | Reached skill level 1 in Armour
  1340 | D:2      | Reached skill level 1 in Dodging
  1340 | D:2      | Reached skill level 1 in Stealth
  1340 | D:2      | Reached skill level 1 in Shields
  1340 | D:2      | Reached skill level 1 in Unarmed Combat
  1340 | D:2      | Reached skill level 1 in Evocations
  1340 | D:2      | Reached XP level 4. HP: 29/41 MP: 2/8
  1358 | D:2      | Killed Jessica
  1359 | D:2      | Reached skill level 1 in Conjurations
  1359 | D:2      | Reached skill level 1 in Hexes
  1359 | D:2      | Reached skill level 1 in Summonings
  1359 | D:2      | Reached skill level 1 in Necromancy
  1359 | D:2      | Reached skill level 1 in Translocations
  1359 | D:2      | Reached skill level 1 in Transmutations
  1359 | D:2      | Reached skill level 1 in Ice Magic
  1359 | D:2      | Reached skill level 1 in Air Magic
  1359 | D:2      | Reached skill level 1 in Earth Magic
  1359 | D:2      | Reached skill level 1 in Poison Magic
  1773 | D:2      | Reached XP level 5. HP: 47/47 MP: 9/9
  2207 | D:3      | Noticed Terence
  2213 | D:3      | Killed Terence
  2575 | D:3      | Noticed an orc warrior
  2600 | D:3      | Killed an orc warrior
  2601 | D:3      | Reached XP level 6. HP: 34/53 MP: 1/11
  3539 | D:4      | Found Huesid's Jewellery Shop.
  3604 | D:4      | Found a staircase to the Ecumenical Temple.
  3604 | D:4      | Noticed an ice beast
  3613 | D:4      | Killed an ice beast
  3631 | Temple   | Entered the Ecumenical Temple
  3927 | Temple   | Fell from the grace of Ignis
  3927 | Temple   | Became a worshipper of Cheibriados the Contemplative
  3993 | D:4      | Noticed a water moccasin
  3999 | D:4      | Killed a water moccasin
  4000 | D:4      | Reached XP level 7. HP: 58/60 MP: 3/12
  4111 | D:4      | Found a sacrificial altar of Ru.
  4119 | D:4      | Noticed a fire elemental
  4119 | D:4      | Noticed a fire elemental
  4119 | D:4      | Noticed a fire elemental
  4143 | D:4      | You fall into a shaft and drop 3 floors!
  4247 | D:7      | Noticed Prince Ribbit
  4261 | D:7      | Noticed a cyclops
  4262 | D:7      | Killed Prince Ribbit
  4263 | D:7      | Reached XP level 8. HP: 48/67 MP: 1/14
  4278 | D:7      | Learned a level 3 spell: Ignite Poison
  4296 | D:7      | Killed a cyclops
  4437 | D:7      | HP: 1/67 [fire elemental[the fiery vengeance of Ignis]
                  | (11)]
  4438 | D:7      | Slain by a bullfrog

Illustrated notes

Levels and vault maps discovered:
D:1:      lemuel_arrival_behind_the_door_small, layout_basic
D:2:      layout_basic, hellmonk_ecumenical_altar_pennies_from_heaven,
          serial_bayou_crossing, uniq_jessica
D:3:      layout_basic, uniq_terence
D:4:      layout_basic, nicolae_ru_sacrificial_ziggurat,
          minmay_temple_entry_offerings, serial_shops, shop
D:7:      layout_basic, nicolae_shop_fire_sale [nicolae_sub_dead_trees],
          uniq_prince_ribbit1, uniq_crazy_yiuf_cottage, uniq_joseph
Temple:   mainiacjoe_temple_trianglar_array

Skill      XL: |  1  2  3  4  5  6  7 |
---------------+----------------------+-----
Invocations    | 1 2 3 |  3.9
Long Blades    | 1 2 3 |  3.5
Axes           | 1 2 3 |  3.5
Maces & Flails | 1 2 3 |  3.5
Polearms       | 1 2 3 |  3.5
Staves         | 1 2 3 |  3.5
Slings         | 1 2 3 |  3.5
Bows           | 1 2 3 |  3.5
Crossbows      | 1 2 3 |  3.5
Throwing       | 1 2 3 |  3.5
Armour         | 1 2 3 |  3.5
Dodging        | 1 2 3 |  3.5
Stealth        | 1 2 3 |  3.5
Shields        | 1 2 3 |  3.5
Unarmed Combat | 1 2 3 |  3.5
Spellcasting   | 3 4 |  4.5
Evocations     | 1 2 3 |  3.5
Conjurations   | 1 2 |  2.9
Hexes          | 1 2 |  2.9
Summonings     | 1 2 |  2.9
Necromancy     | 1 2 |  2.9
Translocations | 1 2 |  2.9
Transmutations | 1 2 |  2.9
Ice Magic      | 1 2 |  2.9
Air Magic      | 1 2 |  2.9
Earth Magic    | 1 2 |  2.9
Poison Magic   | 1 2 |  2.9
Fighting       | 7 |  7.5
Short Blades   | 7 |  7.5
Fire Magic     | 6 |  6.2

Action                   |  1- 3 |  4- 6 |  7- 9 || total
-------------------------+-------+-------+-------++-------
Melee: Short sword       |   110 |   140 |    65 ||   315
       Bite              |     5 |    13 |    10 ||    28
       Punch             |     1 |       |       ||     1
       War axe           |       |       |     3 ||     3
Throw: Dart              |     1 |     3 |     5 ||     9
 Cast: Scorch            |     2 |    22 |     7 ||    31
Evoke: Wand              |       |       |     1 ||     1
  Use: Scroll            |       |    10 |     1 ||    11
       Potion            |       |       |     2 ||     2
 Stab: Sleeping          |     1 |     5 |       ||     6
Armor: Robe              |    13 |    12 |    15 ||    40
Dodge: Dodged            |    55 |    64 |    41 ||   160

Table legend: (Time is in decaauts)
 A = Elapsed time spent in this place.
 B = Non-inter-level travel time spent in this place.
 C = Inter-level travel time spent in this place.
 D = Time resting spent in this place.
 E = Time spent auto-exploring this place.
 F = Levels seen in this place.
 G = Mean time per level.
                   A        B        C        D        E       F      G
               +--------+--------+--------+--------+--------+-----+--------+
         Total |   4432 |   4281 |    151 |    112 |   3401 |   6 |  738.7 |
       Dungeon |   4078 |   3994 |     84 |    112 |   3116 |   5 |  815.6 |
        Temple |    353 |    287 |     66 |      0 |    285 |   1 |  353.0 |
               +--------+--------+--------+--------+--------+-----+--------+

Top non-repeatable levels by time:
     D:1: 1229 daAuts
     D:2: 1055 daAuts
     D:3: 983 daAuts
     D:4: 504 daAuts
  Temple: 353 daAuts
     D:7: 306 daAuts
